cohdb
Replays
Latest Replays
All Replays
Popular Replays
Top Player Replays
Match Explorer
How It Works
Community
CoH3 Stats
Reddit
Sign in to upload your games and track your stats! →
Sign in with Steam
Match 47118579
Unlisted
Match 47118579
Overview
Messages
Build Orders
End
Kettenkrad Recon Vehicle
Construct Infanterie Kompanie
MG 42 Machine Gun Team
Pioneer Squad
Selects Terror Battlegroup
Selects Machine Gun Camouflage
MG 42 Machine Gun Team
Grenadier Squad
GrW 34 Mortar Team
Construct Panzergrenadier Kompanie
MG 42 Machine Gun Team
Panzergrenadier Squad
Construct Panzer Kompanie
Selects Contempt for the Weak
Selects Defend the Fatherland
Medical Station
Panzer IV Medium Tank
Selects Propaganda Leaflet Drop
Propaganda Leaflet Drop
Stoßtruppen Squad
Marci.
infernoVenom
Cpt Darling
Chicken
0
0
Comments
sign in to comment!
No comments posted yet!